Map: Battle on the Boardwalk LE

Players

Harstem

  • Race: Protoss Protoss
  • League: Master
  • Spawn Location: 11:00

AxImpact (Impact) - Winner!

  • Race: Zerg Zerg
  • League: Diamond
  • Spawn Location: 1:00

Event: HomeStory Cup XVI

VOD

Have the link to the VOD?

Description

Time

  • Played on: Nov. 11, 2017, 1:37 p.m.
  • Length: 4:45

All games in this series

Show
View Real Time Build Order
Export as new Build Order

Harstem Protoss 

Build Orders: Nexus First, Phoenix Opening 

Get SALT Encoding   

  1  0:00  Probe (Chrono Boost)  
  12  0:05  Probe (Chrono Boost)  
  14  0:16  Pylon  
  15  0:23  Probe (Chrono Boost)  
  16  0:36  Probe (Chrono Boost)  
  16  0:48  Probe (Chrono Boost)  
  17  0:58  Nexus  
  17  1:07  Gateway, Probe (Chrono Boost)  
  17  1:15  Probe (Chrono Boost)  
  19  1:20  Assimilator  
  19  1:27  Probe (Chrono Boost)  
  19  1:29  Assimilator  
  20  1:39  Probe (Chrono Boost)  
  21  1:51  Probe (Chrono Boost)  
  22  1:55  Pylon  
  22  1:58  Cybernetics Core  
  21  2:02  Zealot  
  21  2:08  Probe (Chrono Boost)  
  23  2:14  Probe (Chrono Boost)  
  23  2:15  Probe (Chrono Boost)  
  26  2:24  Pylon  
  26  2:27  Probe x2 (Chrono Boost)  
  28  2:37  Stalker  
  28  2:39  Probe (Chrono Boost)  
  28  2:40  Probe (Chrono Boost)  
  32  2:47  Stargate  
  32  2:51  Probe (Chrono Boost)  
  34  2:53  Probe (Chrono Boost)  
  34  2:59  Gateway  
  34  3:03  Probe (Chrono Boost)  
  35  3:08  Probe (Chrono Boost)  
  35  3:10  Gateway  
  35  3:11  Assimilator  
  36  3:16  Shield Battery  
  36  3:19  Adept  
  38  3:20  Phoenix  
  38  3:22  Probe (Chrono Boost)  
  38  3:23  Shield Battery  
  38  3:24  Probe (Chrono Boost)  
  43  3:35  Void Ray  
  43  3:37  Pylon  
  44  3:41  Assimilator  
  46  3:49  Pylon  
  46  3:52  Gateway  
  42  3:57  Pylon  
  42  4:01  Shield Battery  
  42  4:08  Probe (Chrono Boost)  
  40  4:11  Probe (Chrono Boost)  
  27  4:20  Probe (Chrono Boost)  
  27  4:23  Probe (Chrono Boost)  
Show
View Real Time Build Order
Export as new Build Order

AxImpact Zerg - Winner!

Build Orders: Pool First 

Get SALT Encoding   

  12  0:00  Drone  
  13  0:13  Overlord  
  13  0:17  Drone  
  14  0:31  Drone x2  
  16  0:37  Drone  
  17  0:45  Extractor  
  17  0:47  Spawning Pool  
  15  0:50  Drone  
  15  0:56  Drone  
  17  1:08  Drone  
  18  1:20  Hatchery  
  18  1:24  Drone  
  18  1:34  Zergling x2  
  18  1:39  Queen  
  21  1:46  Metabolic Boost  
  21  1:50  Drone  
  22  2:00  Roach Warren  
  21  2:07  Overlord  
  21  2:13  Overlord  
  21  2:39  Roach x3  
  27  2:46  Roach  
  27  2:47  Roach  
  27  2:50  Roach x2  
  35  2:59  Roach  
  35  3:03  Overlord  
  37  3:09  Roach  
  39  3:16  Zergling x4  
  39  3:18  Zergling x2  
  42  3:21  Zergling x2  
  42  3:25  Zergling x2  
  44  3:28  Zergling x2  
  44  3:33  Zergling x2  
  46  3:36  Ravager  
  47  3:41  Zergling x4  
  47  3:47  Zergling x4  
  50  3:56  Zergling x4  
  51  4:16  Zergling x2  
  49  4:24  Drone  
  49  4:25  Drone  
Tags
 
Add a new tag
Caveats
  • Supply blocks, unpowered buildings, or Contaminate may cause inaccurate times.
  • Supply counts are checked every 10 seconds.